 Dungeon Crawl Stone Soup version 0.31-a0-182-gc5ef74bbde (webtiles) character file.

Game seed: 12770927497935124573

480 qw the Shooter (level 7, -1/64 HPs)
             Began as a Naga Hunter on June 20, 2023.
             Was an Initiate of Okawaru.
             Slain by an orc warrior
             ... wielding a +1 trident of protection
              (15 damage)
             ... on level 5 of the Dungeon.
             The game lasted 00:01:26 (3660 turns).

qw the Shooter (Naga Hunter)                        Turns: 3660, Time: 00:01:27

Health: -1/64      AC:  7    Str: 12 (13) XL:     7   Next: 11%
Magic:  7/7        EV: 10    Int:  9 (10) God:    Okawaru [......]
Gold:   1016       SH:  0    Dex: 14 (16) Spells: 6/6 levels left

rFire   + . .        Y - +2 shortbow
rCold   . . .        (shield currently unavailable)
rNeg    . . .        m - +1 robe {rF+}
rPois   +            i - +2 helmet
rElec   .            (no cloak)
rCorr   +            (no gloves)
SInv    +            (no barding)
Will    .....        (no amulet)
Stlth   ++           d - ring of resist corrosion
HPRegen 0.30/turn    (no ring)
MPRegen 0.10/turn

%: no passive effects
@: short of breath, very slow
A: AC +2, large, see invisible, deformed body, poison resistance, slowness 2,
spit poison 1, naga tail 1
a: Spit Poison, Renounce Religion


You were on level 5 of the Dungeon.
You worshipped Okawaru.
Okawaru was noncommittal.
You visited 2 branches of the dungeon, and saw 6 of its levels.

You collected 1016 gold pieces.


Innate Abilities, Weirdness & Mutations

Your serpentine skin is tough. (AC +2)
You have supernaturally acute eyesight. (SInv)
Armour fits poorly on your strangely shaped body.
Your system is resistant to poisons. (rPois)
You cover ground very slowly.
You can spit poison.
You have a snake-like lower body.


   Skills:
 - Level 4.0 Fighting
 + Level 6.5 Ranged Weapons
 - Level 1.3 Armour
 - Level 1.5 Dodging
 - Level 1.5 Stealth


You had 6 spell levels left.
You didn't know any spells.
Your spell library was empty.

Inventory:

Hand Weapons
 Y - a +2 shortbow (weapon)
Armour
 b - a +0 ring mail of cold resistance
 i - a +2 helmet (worn)
 m - a +1 robe of fire resistance (worn)
Jewellery
 d - a ring of resist corrosion (left hand)
Scrolls
 h - a scroll of identify
Potions
 a - a potion of curing
 e - a potion of enlightenment
 g - a potion of ambrosia {unknown}
 k - a potion of haste {unknown}

Dungeon Overview and Level Annotations

Branches:
Dungeon (5/15)             Temple (1/1) D:5

Altars:
Ashenzari
Cheibriados
Elyvilon
Gozag
Kikubaaqudgha
Nemelex Xobeh
Okawaru
Qazlal
Ru
Trog
Wu Jian
Zin
The Shining One


Message History

3652 ||| INVOKING Spit Poison.
Aiming: Spit Poison (1% risk of failure)
Press: ? - help, Shift-Dir - straight line, f/p - orc warrior The splash of poison hits the orc warrior but does no damage.
The orc warrior is severely wounded.
The orc warrior hits you from afar with a +1 trident of protection.
You shoot an arrow.
The arrow closely misses the orc warrior.
The orc warrior hits you from afar with a +1 trident of protection!
You shoot an arrow.
The arrow hits the orc warrior but does no damage.
The orc warrior is severely wounded.
The orc warrior barely misses you.
You shoot an arrow.
The arrow hits the orc warrior but does no damage.
The orc warrior is severely wounded.
You have got your breath back.
The orc warrior misses you.
3656 ||| INVOKING Spit Poison.
Aiming: Spit Poison (1% risk of failure)
Press: ? - help, Shift-Dir - straight line, f/p - orc warrior The splash of poison hits the orc warrior but does no damage.
The orc warrior is poisoned.
The orc warrior is severely wounded.
The orc warrior hits you from afar with a +1 trident of protection.
You shoot an arrow.
The arrow hits the orc warrior but does no damage.
The orc warrior is severely wounded.
The orc warrior closely misses you.
You shoot an arrow.
The arrow closely misses the orc warrior.
The orc warrior hits you from afar with a +1 trident of protection.
You shoot an arrow.
The arrow completely misses the orc warrior.
The orc warrior completely misses you.
You shoot an arrow.
The arrow hits the orc warrior but does no damage.
The orc warrior is severely wounded.
The orc warrior hits you from afar with a +1 trident of protection!
You die...

#.# #########.# .#
..........# .#
..........#######)#
................#.########
.......##..####.#.#......#
.......##....<#.o.#.####.#
.......###.#..#..)#.# #.#
.......# #.#..#.@##?# #.#
.......###.####.....####.#
.......'................>#
.......#################.#
.......# #..........# #.#
######## #..(.^.....# #.#
#####..........# #.#
#..............# #.# ##
#.###..........# #.#


You could see an orc warrior (poisoned).

Vanquished Creatures
  A vampire bat (D:3)
  4 hounds
  An orc priest (D:5)
  Ijyb (D:3)
  2 sleepcaps (D:4)
  6 adders
  An ufetubus (D:5)
  A worm (D:3)
  2 dart slugs
  3 fire bats (D:3)
  5 orcs (D:5)
  2 spectral bats (D:3)
  3 bat skeletons (D:3)
  A bat zombie (D:3)
  9 endoplasms
  6 goblins
  2 hobgoblins (D:2)
  4 kobolds
  2 quokkas
  8 ball pythons
  13 bats
  A bat simulacrum (D:3)
  6 frilled lizards
  4 rats
88 creatures vanquished.

Notes
Turn   | Place    | Note
-------+----------+-------------------------------------------
     0 | D:1      | qw the Naga Hunter began the quest for the Orb.
     0 | D:1      | Reached XP level 1. HP: 19/19 MP: 1/1
     0 | D:1      | 0 ||| qw: Version: 0.3-a-9-g12657ce
     0 | D:1      | 0 ||| qw: Game counter: 1274
     0 | D:1      | 0 ||| qw: Always use a shield: true
     0 | D:1      | 0 ||| qw: God list: Okawaru
     0 | D:1      | 0 ||| qw: Allow faded altars: false
     0 | D:1      | 0 ||| qw: Do Orc after D:15 true
     0 | D:1      | 0 ||| qw: Do second Lair branch before Depths: true
     0 | D:1      | 0 ||| qw: Lair rune preference: random
     0 | D:1      | 0 ||| qw: Plans: Normal
     0 | D:1      | 0 ||| PLANNING D:1-11
    72 | D:1      | 72 ||| INVOKING Spit Poison.
    77 | D:1      | 77 ||| INVOKING Spit Poison.
    81 | D:1      | 81 ||| INVOKING Spit Poison.
    86 | D:1      | 86 ||| INVOKING Spit Poison.
   146 | D:1      | 146 ||| INVOKING Spit Poison.
   155 | D:1      | 155 ||| INVOKING Spit Poison.
   156 | D:1      | 156 ||| INVOKING Spit Poison.
   158 | D:1      | Reached skill level 4 in Ranged Weapons
   158 | D:1      | Reached XP level 2. HP: 26/26 MP: 2/2
   194 | D:1      | 194 ||| INVOKING Spit Poison.
   257 | D:1      | 257 ||| INVOKING Spit Poison.
   298 | D:1      | 298 ||| INVOKING Spit Poison.
   469 | D:1      | 469 ||| UPGRADING to +0 helmet.
   474 | D:1      | 474 ||| DROPPING amulet of magic regeneration.
   475 | D:1      | 475 ||| READING scroll labelled ZOHANN PUMODGH.
   476 | D:1      | 476 ||| READING scroll labelled UCUTEG SUEQA.
   477 | D:1      | 477 ||| READING scroll labelled XEIQEU RAXE.
   478 | D:1      | 478 ||| READING scroll labelled VOPLIEPAON.
   479 | D:1      | 479 ||| READING scroll labelled ASUS HIREAFRON.
   480 | D:1      | 480 ||| DROPPING scroll of butterflies.
   708 | D:2      | 708 ||| INVOKING Spit Poison.
   718 | D:2      | 718 ||| INVOKING Spit Poison.
   725 | D:2      | Reached XP level 3. HP: 32/32 MP: 3/3
   829 | D:2      | 829 ||| INVOKING Spit Poison.
   885 | D:2      | 885 ||| INVOKING Spit Poison.
   989 | D:2      | 989 ||| INVOKING Spit Poison.
  1002 | D:2      | 1002 ||| UPGRADING to +0 ring mail of cold resistance.
  1012 | D:2      | 1012 ||| READING scroll labelled YMMUCHIT FOVAI.
  1013 | D:2      | 1013 ||| READING scroll labelled VIURIE SEILO.
  1014 | D:2      | 1014 ||| DRINKING 3 white potions.
  1015 | D:2      | 1015 ||| DRINKING 2 smoky emerald potions.
  1016 | D:2      | 1016 ||| DRINKING 2 sedimented clear potions.
  1017 | D:2      | 1017 ||| DROPPING potion of magic.
  1018 | D:2      | 1018 ||| DROPPING potion of brilliance.
  1043 | D:3      | 1043 ||| INVOKING Spit Poison.
  1047 | D:3      | 1047 ||| INVOKING Spit Poison.
  1079 | D:3      | 1079 ||| INVOKING Spit Poison.
  1097 | D:3      | 1097 ||| READING scroll of enchant weapon.
  1097 | D:3      | 1097 ||| ENCHANTING +1 shortbow.
  1167 | D:3      | 1167 ||| INVOKING Spit Poison.
  1177 | D:3      | 1177 ||| INVOKING Spit Poison.
  1199 | D:3      | 1199 ||| INVOKING Spit Poison.
  1217 | D:3      | 1217 ||| INVOKING Spit Poison.
  1221 | D:3      | 1221 ||| INVOKING Spit Poison.
  1227 | D:3      | 1227 ||| INVOKING Spit Poison.
  1228 | D:3      | Reached skill level 5 in Ranged Weapons
  1228 | D:3      | Reached XP level 4. HP: 28/39 MP: 4/4
  1298 | D:3      | 1298 ||| INVOKING Spit Poison.
  1456 | D:3      | 1456 ||| INVOKING Spit Poison.
  1618 | D:3      | 1618 ||| INVOKING Spit Poison.
  1622 | D:3      | 1622 ||| INVOKING Spit Poison.
  1627 | D:3      | Noticed Ijyb
  1629 | D:3      | 1629 ||| INVOKING Spit Poison.
  1640 | D:3      | 1640 ||| INVOKING Spit Poison.
  1644 | D:3      | 1644 ||| INVOKING Spit Poison.
  1644 | D:3      | Killed Ijyb
  1671 | D:3      | 1671 ||| INVOKING Spit Poison.
  1677 | D:3      | 1677 ||| INVOKING Spit Poison.
  1681 | D:3      | 1681 ||| INVOKING Spit Poison.
  1682 | D:3      | Reached skill level 3 in Fighting
  1685 | D:3      | Reached skill level 1 in Armour
  1685 | D:3      | Reached XP level 5. HP: 46/49 MP: 5/5
  1685 | D:3      | 1685 ||| INVOKING Spit Poison.
  1695 | D:3      | 1695 ||| INVOKING Spit Poison.
  1701 | D:3      | 1701 ||| INVOKING Spit Poison.
  1711 | D:3      | 1711 ||| INVOKING Spit Poison.
  1712 | D:3      | 1712 ||| INVOKING Spit Poison.
  1725 | D:3      | 1725 ||| Stepping ~*~*~tactically~*~*~ (outnumbered).
  1731 | D:3      | 1731 ||| INVOKING Spit Poison.
  1737 | D:3      | 1737 ||| INVOKING Spit Poison.
  1788 | D:3      | 1788 ||| INVOKING Spit Poison.
  1796 | D:3      | 1796 ||| INVOKING Spit Poison.
  1996 | D:3      | 1996 ||| UPGRADING to ring of resist corrosion.
  1997 | D:3      | 1997 ||| READING scroll labelled MUTZE CAELINGE.
  2002 | D:3      | 2002 ||| READING scroll labelled NUIRAU ESALUU.
  2002 | D:3      | Identified a scroll of acquirement
  2002 | D:3      | 2002 ||| ACQUIRING 780 gold pieces
  2002 | D:3      | Acquired 780 gold pieces
  2004 | D:3      | 2004 ||| DRINKING 2 inky potions.
  2029 | D:4      | 2029 ||| INVOKING Spit Poison.
  2032 | D:4      | 2032 ||| INVOKING Spit Poison.
  2034 | D:4      | Reached XP level 6. HP: 55/56 MP: 6/6
  2053 | D:4      | 2053 ||| INVOKING Spit Poison.
  2059 | D:4      | 2059 ||| INVOKING Spit Poison.
  2080 | D:4      | 2080 ||| INVOKING Spit Poison.
  2155 | D:4      | Reached skill level 6 in Ranged Weapons
  2259 | D:4      | 2259 ||| INVOKING Spit Poison.
  2363 | D:4      | 2363 ||| INVOKING Spit Poison.
  2378 | D:4      | 2378 ||| INVOKING Spit Poison.
  2665 | D:4      | 2665 ||| UPGRADING to +2 helmet.
  2675 | D:4      | 2675 ||| DROPPING +0 helmet.
  2676 | D:4      | 2676 ||| READING scroll labelled EMI QOAMNI.
  2677 | D:4      | 2677 ||| READING scroll labelled NEM ECVIESMEFOBA.
  2703 | D:5      | Entered Level 5 of the Dungeon
  2776 | D:5      | 2776 ||| INVOKING Spit Poison.
  2783 | D:5      | 2783 ||| INVOKING Spit Poison.
  2978 | D:5      | 2978 ||| INVOKING Spit Poison.
  3029 | D:5      | Found a staircase to the Ecumenical Temple.
  3030 | D:5      | 3030 ||| PLANNING TEMPLE
  3030 | D:5      | 3030 ||| DROPPING +0 leather armour.
  3031 | D:5      | 3031 ||| UPGRADING to +1 robe of fire resistance.
  3041 | D:5      | 3041 ||| READING scroll labelled UTRAEPAN QOCLY.
  3042 | D:5      | 3042 ||| DRINKING 2 sedimented silvery potions.
  3043 | D:5      | 3043 ||| READING 2 scrolls of identify.
  3043 | D:5      | 3043 ||| IDENTIFYING cyan potion
  3044 | D:5      | 3044 ||| DROPPING potion of degeneration.
  3052 | Temple   | Entered the Ecumenical Temple
  3196 | Temple   | 3196 ||| PLANNING OKAWARU WORSHIP
  3371 | Temple   | Became a worshipper of Warmaster Okawaru
  3372 | Temple   | 3372 ||| PLANNING D:1-11
  3500 | D:5      | 3500 ||| INVOKING Spit Poison.
  3505 | D:5      | Reached XP level 7. HP: 55/64 MP: 7/7
  3632 | D:5      | 3632 ||| INVOKING Spit Poison.
  3636 | D:5      | 3636 ||| INVOKING Spit Poison.
  3640 | D:5      | 3640 ||| INVOKING Spit Poison.
  3643 | D:5      | HP: 11/64 [orc warrior/+1 trident of protection (8)]
  3644 | D:5      | 3644 ||| DRINKING 2 potions of heal wounds.
  3647 | D:5      | 3647 ||| INVOKING Spit Poison.
  3650 | D:5      | HP: 14/64 [orc warrior/+1 trident of protection (10)]
  3651 | D:5      | 3651 ||| DRINKING potion of heal wounds.
  3652 | D:5      | 3652 ||| INVOKING Spit Poison.
  3656 | D:5      | 3656 ||| INVOKING Spit Poison.
  3656 | D:5      | HP: 16/64 [orc warrior/+1 trident of protection (6)]
  3660 | D:5      | Slain by an orc warrior

Levels and vault maps discovered:
D:1:      minmay_arrival_wavy_path, layout_basic, st_stairs_8
D:2:      layout_basic
D:3:      layout_loops_ring, minmay_tree_intersection, goddamned_bats, uniq_ijyb
D:4:      layout_cave_pools
D:5:      layout_basic, minmay_temple_entry_junction
Temple:   oiseaux_autumnal_temple

Skill      XL: |  1  2  3  4  5  6 |
---------------+-------------------+-----
Ranged Weapons | 4 5 6 |  6.5
Fighting       | 3 4 |  4.0
Armour         | 1 |  1.3
Dodging        | |  1.5
Stealth        | |  1.5

Action                     |  1- 3 |  4- 6 |  7- 9 || total
---------------------------+-------+-------+-------++-------
   Fire: Shortbow          |    65 |   133 |    24 ||   222
Ability: Spit Poison       |    23 |    30 |     6 ||    59
    Use: Scroll            |     8 |     6 |       ||    14
         Potion            |     3 |     2 |     2 ||     7
 Armour: Leather armour    |     2 |       |       ||     2
         Ring mail         |     6 |    90 |       ||    96
         Robe              |       |     1 |     6 ||     7
  Dodge: Dodged            |    13 |    84 |    25 ||   122

Table legend:
 A = Non-vault XP
 B = Vault XP
 C = Vault XP percentage of total XP
 D = Non-vault monster count
 E = Vault monster count
 F = Vault count percentage of total count
                 A         B        C        D         E       F
            +---------+---------+-------+---------+---------+-------
      Total |     474 |     212 |  30.9 |      66 |      22 |  25.0
            +---------+---------+-------+---------+---------+-------
        D:1 |      19 |       1 |   5.0 |      12 |       1 |   7.7
        D:2 |      45 |       0 |   0.0 |      13 |       0 |   0.0
        D:3 |      40 |     211 |  84.1 |      14 |      21 |  60.0
        D:4 |     226 |       0 |   0.0 |      18 |       0 |   0.0
        D:5 |     144 |       0 |   0.0 |       9 |       0 |   0.0
            +---------+---------+-------+---------+---------+-------
